 Dungeon Sprint DCSS version 0.19.4 (webtiles) character file.

50 TryAgain the Covert (level 6, -3/32 HPs)
             Began as a Deep Elf Air Elementalist on Feb 4, 2017.
             Was a Believer of Sif Muna.
             Slain by a troll (4 damage)
             ... in the Dungeon (Sprint VI: "Thunderdome").
             The game lasted 00:07:55 (425 turns).

TryAgain the Covert (Deep Elf Air Elementalist)      Turns: 425, Time: 00:07:56

Health: -3/32      AC:  2    Str:  9    XL:     6   Next: 9%
Magic:  2/18       EV: 17    Int: 25    God:    Sif Muna [**....]
Gold:   36         SH:  0    Dex: 18    Spells: 5 memorised, 7 levels left

rFire  . . .     SeeInvis +     n - +4 dagger (curse)
rCold  . . .     Gourm    .     o - +0 robe of Jeger {*Slow +Fly MR+} (curse)
rNeg   . . .     Faith    .     (no shield)
rPois  .         Spirit   .     (no helmet)
rElec  .         Reflect  .     (no cloak)
rCorr  .         Harm     .     (no gloves)
MR     +....     NoTele   +     (no boots)
Stlth  ++++......               p - amulet "Pyranu" {Regen+ Str+4 Int+3 Dex+3 SInv}
                                (no ring)
                                (no ring)

@: very slightly contaminated, repel missiles
A: no striking features
a: Divine Energy, Renounce Religion, Evoke Flight


You were in the Dungeon.
You worshipped Sif Muna.
Sif Muna was pleased with you.
You were not hungry.

You visited 1 branch You collected 280 gold pieces.
You spent 244 gold pieces at shops.

Inventory:

Hand Weapons
 n - a cursed +4 dagger (weapon)
Armour
 a - a +0 robe
 o - the cursed +0 robe of Jeger (worn) {*Slow +Fly MR+}
   (You bought it in a shop in the Dungeon)

   It affects your resistance to hostile enchantments.
   It lets you fly.
   It may slow you when you take damage.
   It has a curse placed upon it.
Jewellery
 p - the amulet "Pyranu" (around neck) {Regen+ Str+4 Int+3 Dex+3 SInv}
   (You bought it in a shop in the Dungeon)

   [amulet of regeneration]

   It affects your strength (+4).
   It affects your intelligence (+3).
   It affects your dexterity (+3).
   It lets you see invisible.
   It increases your rate of regeneration.
Wands
 j - a wand of acid (0/15)
 k - a wand of iceblast (3/15)
Scrolls
 i - 3 scrolls of blinking
 l - 3 scrolls of fog
Potions
 d - a potion of curing
 e - 3 potions of heal wounds
 f - 4 potions of haste
 g - 2 potions of magic
 h - a potion of berserk rage
 m - a potion of resistance
Books
 b - a book of Air

   Spells                             Type                      Level
   a - Shock                          Conjuration/Air              1
   b - Swiftness                      Charms/Air                   2
   c - Repel Missiles                 Charms/Air                   2
   d - Static Discharge               Conjuration/Air              3
   e - Lightning Bolt                 Conjuration/Air              5
Comestibles
 c - a bread ration


   Skills:
 + Level 7.1 Dodging
 + Level 8.0 Stealth
 + Level 7.9 Spellcasting
 + Level 6.1 Conjurations
 + Level 1.3 Charms
 - Level 6.2 Air Magic
 + Level 1.0 Invocations


You had 7 spell levels left.
You knew the following spells:

 Your Spells              Type           Power        Failure   Level  Hunger
a - Shock                 Conj/Air       ####         1%          1    None
b - Static Discharge      Conj/Air       #####...     1%          3    None
c - Lightning Bolt        Conj/Air       #####.....   14%         5    #####..
d - Swiftness             Chrm/Air       ####....     1%          2    None
e - Repel Missiles        Chrm/Air       ####..       1%          2    None


Dungeon Overview and Level Annotations

Branches:
Dungeon (1/1)

Altars:
Cheibriados
Dithmenos
Fedhas
Gozag
Kikubaaqudgha
Makhleb
Okawaru
Qazlal
Ru
Sif Muna
Trog
Uskayaw
Vehumet
Xom
Yredelemnul
Zin
The Shining One
Beogh
Jiyva
Lugonu

Shops:
D *[%??*?*:[((!!!!

Annotations:
D Urug


Message History

The troll bites you! The troll completely misses you. x2
Evoke which item? (* to show all) (? for menu, Esc to quit)
Zapping:
k - a wand of iceblast (5/15)
Press: ? - help, Shift-Dir - straight line, p - troll The mass of ice explodes!
The iceblast engulfs the troll.
The troll is moderately wounded.
This wand has 4 charges left.
The troll bites you. The troll completely misses you.
The troll closely misses you.
Evoke which item? (* to show all) (? for menu, Esc to quit)
Zapping:
k - a wand of iceblast (4/15)
Press: ? - help, Shift-Dir - straight line The mass of ice explodes!
The iceblast engulfs the troll.
The troll is heavily wounded.
This wand has 3 charges left. 50...
Urug throws a javelin of returning.
The javelin of returning misses you.
The weapon returns to Urug!
The troll bites you!
* * * LOW HITPOINT WARNING * * *
The troll claws you.
You die...

#_........# #_......._#
#_......._#
###.........###
#⌠...........⌠#
##.8.........8.######
_......###o.....___∩##
.....8.# #.8........∩###
....o..###.....T@......##
....###...###..........⌠#
.†..# #.<.# #..........⌠#
.(..###...###....÷.....⌠#
...(...###.............##
.)§..8.# #.8........∩###
_......###......__.∩##
##o8.........8.######
#§...........⌠#


You could see Urug and a troll.

Vanquished Creatures
  An orc warrior (D)
  A necrophage (D)
  A wight (D)
  An orc priest (D)
  4 adders (D)
  An adder skeleton (D)
  A ball python (D)
  A ball python zombie (D)
  A giant cockroach zombie (D)
  A quokka skeleton (D)
13 creatures vanquished.

Notes
Turn   | Place    | Note
-------+----------+-------------------------------------------
     0 | D        | TryAgain the Deep Elf Air Elementalist began the quest for the Orb.
     0 | D        | Reached XP level 1. HP: 10/10 MP: 6/6
     1 | D        | Found a basalt altar of Yredelemnul.
     1 | D        | Found a stormy altar of Qazlal.
     2 | D        | Found an opulent altar of Gozag.
     3 | D        | Found a snail-covered altar of Cheibriados.
     3 | D        | Found a radiant altar of Vehumet.
     4 | D        | Found Nilypp's Identification Station.
     4 | D        | Found a glowing silver altar of Zin.
     4 | D        | Found a glowing golden altar of the Shining One.
     4 | D        | Found Nelynk's Bee Food.
     5 | D        | Found Suuroed's Advanced Armour.
     5 | D        | Found Azea's Jewellery.
     5 | D        | Found a hide-covered altar of Uskayaw.
     5 | D        | Round 1.
     7 | D        | Found Siffyun's Premium Goods.
     8 | D        | Found Yppo's Miscellaneous Merchandise.
     8 | D        | Found Nudyoseg's Basic Armour.
     9 | D        | Noticed a wight
     9 | D        | Found a sacrificial altar of Ru.
     9 | D        | Found a corrupted altar of Lugonu.
     9 | D        | Found Yrezudwe's Weapon Rack.
    11 | D        | Killed a wight
    11 | D        | Reached skill level 4 in Stealth
    11 | D        | Reached XP level 2. HP: 15/15 MP: 6/9
    11 | D        | Reached XP level 3. HP: 19/19 MP: 7/11
    17 | D        | Found a viscous altar of Jiyva.
    25 | D        | Found a shadowy altar of Dithmenos.
    26 | D        | Found Juyxorr's Do-It-Yourself Clinic.
    27 | D        | Found Cozeics's Bottled Wisdom.
    27 | D        | Found Vuth's Distillery.
    28 | D        | Found a bloodstained altar of Trog.
    28 | D        | Found an iron altar of Okawaru.
    28 | D        | Found a blossoming altar of Fedhas.
    28 | D        | Found Bamoprox's Distillery.
    36 | D        | Found an ancient bone altar of Kikubaaqudgha.
    37 | D        | Found a burning altar of Makhleb.
    38 | D        | Noticed a necrophage
    39 | D        | Found Idwa's Staff Store.
    42 | D        | Killed a necrophage
    42 | D        | Reached skill level 5 in Dodging
    42 | D        | Reached skill level 6 in Stealth
    42 | D        | Reached skill level 5 in Air Magic
    42 | D        | Reached XP level 4. HP: 24/24 MP: 4/14
    44 | D        | Found a deep blue altar of Sif Muna.
    44 | D        | Found a shimmering altar of Xom.
    44 | D        | Found a roughly hewn altar of Beogh.
    44 | D        | Found Xylatax's Magic Scroll Shop.
    44 | D        | Found Exatusch's Must-Have Magic.
    44 | D        | Found Yseicam's Magic Scroll Shop.
    53 | D        | Became a worshipper of Sif Muna the Loreminder
   100 | D        | Arena points: 14 (+14) [x2]
   108 | D        | Bought a colourful robe for 199 gold pieces
   118 | D        | Identified the cursed +0 robe of Jeger {*Slow +Fly MR+} (You bought it in a shop in the Dungeon)
   159 | D        | Round 2.
   174 | D        | Reached XP level 5. HP: 28/28 MP: 11/16
   179 | D        | Learned a level 3 spell: Static Discharge
   188 | D        | Learned a level 5 spell: Lightning Bolt
   191 | D        | Learned a level 2 spell: Swiftness
   194 | D        | Learned a level 2 spell: Repel Missiles
   211 | D        | Reached skill level 5 in Conjurations
   212 | D        | Reached * piety under Sif Muna
   272 | D        | Arena points: 50 (+36) [x3]
   281 | D        | Bought a bound ivory amulet for 45 gold pieces
   281 | D        | Identified the amulet "Pyranu" {Regen+ Str+4 Int+3 Dex+3 SInv} (You bought it in a shop in the Dungeon)
   335 | D        | Round 3.
   355 | D        | Noticed an orc warrior
   361 | D        | Killed an orc warrior
   361 | D        | Reached skill level 7 in Stealth
   399 | D        | Noticed a troll
   405 | D        | Reached ** piety under Sif Muna
   405 | D        | Reached skill level 8 in Stealth
   405 | D        | Reached skill level 1 in Charms
   405 | D        | Reached skill level 1 in Invocations
   405 | D        | Reached XP level 6. HP: 32/32 MP: 11/18
   406 | D        | Noticed an orc knight
   408 | D        | Noticed Urug
   425 | D        | HP: 1/32 [troll (14)]
   425 | D        | Slain by a troll

Skill      XL: |  1  2  3  4  5 |
---------------+----------------+-----
Dodging        | 4 5 7 |  7.1
Stealth        | 4 6 8 |  8.0
Spellcasting   | 4 6 7 |  7.9
Conjurations   | 3 4 6 |  6.1
Air Magic      | 4 5 6 |  6.2
Charms         | 1 |  1.3
Invocations    | 1 |  1.0

Action                   |  1- 3 |  4- 6 || total
-------------------------+-------+-------++-------
 Cast: Shock             |     5 |    24 ||    29
       Static Discharge  |       |     4 ||     4
       Lightning Bolt    |       |     1 ||     1
       Repel Missiles    |       |     1 ||     1
Evoke: Wand              |     3 |     4 ||     7
  Use: Scroll            |       |     1 ||     1
       Potion            |       |     1 ||     1
Dodge: Dodged            |       |    14 ||    14
